 Dungeon Crawl Stone Soup version 0.31-a0-236-g9a0961fb85 (webtiles) character file.

Game seed: 9439733052302550728

28 protoss039 the Digger (level 2, 21/21 HPs)
             Began as a Demonspawn Earth Elementalist on July 10, 2023.
             Got out of the dungeon alive.
             The game lasted 00:00:54 (861 turns).

protoss039 the Digger (DsEE)                         Turns: 861, Time: 00:00:55

Health: 21/21      AC:  4    Str:  8    XL:     2   Next: 96%
Magic:  5/5        EV: 11    Int: 16    God:
Gold:   44         SH:  0    Dex: 13    Spells: 4/5 levels left

rFire   . . .        (no weapon)
rCold   . . .        (no shield)
rNeg    . . .        e - +0 leather armour
rPois   .            j - +0 helmet
rElec   .            (no cloak)
rCorr   .            (no gloves)
SInv    .            (no boots)
Will    ++...        (no amulet)
Stlth   ++           c - ring of willpower
HPRegen 0.23/turn    f - ring of willpower
MPRegen 0.09/turn

%: no passive effects
@: no status effects
A: spiny 1
a: no special abilities


You escaped.
You visited 1 branch of the dungeon, and saw 1 of its levels.

You collected 44 gold pieces.

Inventory:

Armour
 e - a +0 leather armour (worn)
 j - a +0 helmet (worn)
Jewellery
 c - a ring of willpower (left hand)
 f - a ring of willpower (right hand)
Scrolls
 g - 2 scrolls of teleportation {unknown}
 h - a scroll of enchant armour {unknown}
 i - 4 scrolls of fear {unknown}
Potions
 b - a potion of magic
 d - a potion of might {unknown}


   Skills:
 + Level 1.4 Fighting
 - Level 1.7 Dodging
 - Level 1.7 Stealth
 + Level 2.4 Spellcasting
 - Level 0.8 Transmutations
 + Level 3.1 Earth Magic


You had 4 spell levels left.
You knew the following spells:

 Your Spells              Type           Power      Damage    Failure   Level
a - Sandblast             Erth           22%        2d7       9%          1

Your spell library contained the following spells:

 Spells                   Type           Power      Damage    Failure   Level
 Passwall                 Tmut/Erth      6%         N/A       19%         2
 Stone Arrow              Conj/Erth      12%        3d7       41%         3
 Petrify                  Tmut/Erth      8%         N/A       77%         4


Dungeon Overview and Level Annotations

Branches:
Dungeon (1/15) Zot: 5133

Altars:


Innate Abilities, Weirdness & Mutations

You are partially covered in sharp spines.


Message History

You hit the dart slug but do no damage.
The dart slug is heavily wounded.
The dart slug is struck by your spines. The dart slug misses you.
There are monsters nearby!
You completely miss the dart slug.
The dart slug is almost dead.
The dart slug is struck by your spines.
You kill the dart slug!
There are monsters nearby!
Casting: Sandblast (safe; 9% risk of failure)
Confirm with . or Enter, or press ? or * to list all spells.
Aiming: Sandblast (safe; 9% risk of failure)
Press: ? - help, Shift-Dir - straight line, f - kobold
Aim: a kobold, wielding a +0 short sword (77% to hit)
The blast of sand hits the kobold!
You kill the kobold!
The hobgoblin barely misses you.
Unknown command.
Casting: Sandblast (safe; 9% risk of failure)
Confirm with . or Enter, or press ? or * to list all spells.
Aiming: Sandblast (safe; 9% risk of failure)
Press: ? - help, Shift-Dir - straight line, f - hobgoblin
Aim: a hobgoblin (82% to hit)
The blast of sand hits the hobgoblin but does no damage.
The hobgoblin hits you but does no damage.
Unknown command.
Casting: Sandblast (safe; 9% risk of failure)
Confirm with . or Enter, or press ? or * to list all spells.
Aiming: Sandblast (safe; 9% risk of failure)
Press: ? - help, Shift-Dir - straight line, f/p - hobgoblin
Aim: a hobgoblin (82% to hit)
The blast of sand hits the hobgoblin!
You kill the hobgoblin!
Unknown command.
Items here: [ †††.
You see here a +0 short sword.
There is a stone staircase leading down here.
There is a staircase leading out of the dungeon here.
Are you sure you want to leave the Dungeon?
This will make you lose the game!
You have escaped!

##.## ##.......# ##
#.### #.#####.# ##.
#...#### #.# #.###..
#..###.♣#####.# #.##...
### #..##.♣.♣..##.#
#.##...
..#######[...##♣.♣#...#
###......
............##♣..######
#........ #.########..#
♣..♣ #.######. #.#
#..###♣@♣ #.# ##
#.########....##♣# #.#
.#.............#####
#.#
###.#.#............##
#.#
##..........#.###...##
#.#
##.#######..#.##.....##
#.# .#.#
#............###.# #..#
#................# #..#
#.)÷.........#####


There were no monsters in sight!

Vanquished Creatures
  2 dart slugs (D:1)
  4 ball pythons (D:1)
  4 endoplasms (D:1)
  A giant cockroach (D:1)
  2 goblins (D:1)
  A hobgoblin (D:1)
  A quokka (D:1)
  2 bats (D:1)
  3 frilled lizards (D:1)
  A kobold (D:1)
  A rat (D:1)
22 creatures vanquished.

Notes
Turn   | Place    | Note
-------+----------+-------------------------------------------
     0 | D:1      | protoss039 the Demonspawn Earth Elementalist began the
                  | quest for the Orb.
     0 | D:1      | Reached XP level 1. HP: 13/13 MP: 3/3
   215 | D:1      | Gained mutation: You are partially covered in sharp spines.
                  | [demonic ancestry]
   215 | D:1      | Reached XP level 2. HP: 20/20 MP: 1/5
   306 | D:1      | Reached skill level 1 in Fighting
   328 | D:1      | Reached skill level 3 in Earth Magic
   861 | D:$      | Got out of the dungeon alive.

Illustrated notes

Levels and vault maps discovered:
D:1:      pf_arrival_petrified_forest, layout_loops_ring,
          grunt_decor_one_mirror, minmay_misc_feat_doors, minmay_tetromino_t2

Skill      XL: |  1  2 |
---------------+-------+-----
Fighting       | 1 |  1.4
Earth Magic    | 3 |  3.1
Dodging        | |  1.7
Stealth        | |  1.7
Spellcasting   | |  2.4
Transmutations | |  0.8

Action                     || total
---------------------------++-------
  Melee: Unarmed           ||    43
         Punch             ||     1
   Cast: Sandblast         ||    14
   Stab: Sleeping          ||     2
 Armour: Leather armour    ||    11
  Dodge: Dodged            ||    16

Table legend: (Time is in decaauts)
 A = Elapsed time spent in this place.
 B = Non-inter-level travel time spent in this place.
 C = Inter-level travel time spent in this place.
 D = Time resting spent in this place.
 E = Time spent auto-exploring this place.
 F = Levels seen in this place.
 G = Mean time per level.
                   A        B        C        D        E       F      G
               +--------+--------+--------+--------+--------+-----+--------+
         Total |    867 |    821 |     46 |      0 |    653 |   1 |  867.0 |
       Dungeon |    867 |    821 |     46 |      0 |    653 |   1 |  867.0 |
               +--------+--------+--------+--------+--------+-----+--------+

Top non-repeatable levels by time:
     D:1: 867 daAuts
